 Seeded DCSS version 0.29-a0-384-g6960b1960d (webtiles) character file.

Game seed: 13605594255664981076 (custom seed)

6108 thiscave3701365 the Severer (level 10, -1/84 HPs)
             Began as a Minotaur Berserker on May 6, 2022.
             Was a Priest of Trog.
             Slain by Amaemon
             ... wielding a +1 demon whip of venom
              (9 damage)
             ... on level 8 of the Dungeon.
             The game lasted 00:09:57 (13672 turns).

thiscave3701365 the Severer (Minotaur Berserker)   Turns: 13672, Time: 00:09:58

Health: -1/84      AC: 16    Str: 26    XL:     10   Next: 58%
Magic:  9/9        EV:  8    Int:  4    God:    Trog [***...]
Gold:   428        SH:  0    Dex: 10    Spells: 9/9 levels left

rFire   . . .      SeeInvis .   F - +0 battleaxe
rCold   . . .      Faith    .   (shield currently unavailable)
rNeg    . . .      Spirit   .   z - +0 plate armour
rPois   .          Reflect  .   (helmet restricted)
rElec   .          Harm     .   B - +0 cloak
rCorr   .          Rampage  .   (no gloves)
Will    .....                   a - +0 pair of boots
Stlth   ..........              (no amulet)
HPRegen 0.24/turn               (no ring)
MPRegen 0.11/turn               (no ring)

@: lethally poisoned (-1 -> -27), weakened, on berserk cooldown, slowed, very
slow
A: horns 2, retaliatory headbutt
a: Renounce Religion, Berserk, Trog's Hand


You were on level 8 of the Dungeon.
You worshipped Trog.
Trog was most pleased with you.
You visited 1 branch of the dungeon, and saw 9 of its levels.
You also visited: Ossuary.

You collected 428 gold pieces.

Inventory:

Hand Weapons
 F - a +0 battleaxe (weapon)
Missiles
 w - a throwing net
Armour
 a - a +0 pair of boots (worn)
 z - a +0 plate armour (worn)
 B - a +0 cloak (worn)
Jewellery
 o - a ring of protection from cold
Wands
 s - a wand of charming (10)
 v - a wand of digging (3)
 y - a wand of polymorph (4)
Scrolls
 b - 3 scrolls of vulnerability {unknown}
 d - a scroll of immolation {unknown}
 f - 2 scrolls of blinking {unknown}
 g - 2 scrolls of fog {unknown}
 h - 8 scrolls of identify
 k - 2 scrolls of poison {unknown}
 p - 4 scrolls of teleportation {unknown}
 q - a scroll of torment {unknown}
 r - a scroll of noise {unknown}
 x - 2 scrolls of fear {unknown}
 D - a scroll of magic mapping {unknown}
Potions
 c - 2 potions of brilliance {unknown}
 e - 4 potions of haste {unknown}
 i - 3 potions of lignification {unknown}
 j - 2 potions of flight {unknown}
 l - a potion of might {unknown}
 m - a potion of ambrosia {unknown}
 n - 2 potions of magic
 t - 3 potions of heal wounds {unknown}
 u - 3 potions of mutation {unknown}
 A - 4 potions of curing {unknown}
 C - 2 potions of degeneration {unknown}
 E - 2 potions of cancellation {unknown}


   Skills:
 + Level 6.7 Fighting
 + Level 16.7 Axes
 + Level 7.3 Armour
 + Level 2.6 Dodging
 + Level 0.3 Stealth


You had 9 spell levels left.
You didn't know any spells.
Your spell library was empty.

Dungeon Overview and Level Annotations

Branches:
Dungeon (9/15)             Temple (0/1) D:4         Ossuary (visited)
   Lair: D:8-11         Orc: D:9-12

Altars:
Ashenzari
Cheibriados
Gozag
Makhleb
Nemelex Xobeh
Okawaru
Uskayaw

Shops:
D:6 !

Annotations:
D:8 Amaemon


Innate Abilities, Weirdness & Mutations

You have a pair of horns on your head.
You reflexively headbutt those who attack you in melee.


Message History

You are more poisoned.
Amaemon claws you.
Amaemon tail-slaps you but does no damage.
Amaemon barely misses you. Amaemon claws you but does no damage.
Amaemon barely misses you.
Unknown command.
You hit Amaemon but do no damage.
Amaemon is lightly wounded.
You feel very sick.
Amaemon hits you with a +1 demon whip of venom.
You are more poisoned.
Amaemon claws you!
Amaemon tail-slaps you but does no damage.
You miss Amaemon.
Amaemon is lightly wounded.
You feel extremely sick.
Amaemon hits you with a +1 demon whip of venom.
You are more poisoned.
Amaemon claws you but does no damage. Amaemon completely misses you.
Amaemon hits you but does no damage.
You are more poisoned.
Amaemon claws you but does no damage.
Amaemon tail-slaps you but does no damage.
You slash Amaemon!
Amaemon is moderately wounded.
You feel extremely sick.
Amaemon hits you with a +1 demon whip of venom!
* * * LOW HITPOINT WARNING * * *
You are more poisoned.
Amaemon barely misses you. x2
You are too injured to fight recklessly!
Okay, then.
Okay, then.
As you read the scroll labelled ECWYRAEQAE, it crumbles to dust.
It is a scroll of identify.
n - 2 potions of magic
* * * LOW HITPOINT WARNING * * *
You feel extremely sick.
Amaemon hits you with a +1 demon whip of venom!
You die...

.... ..... ......
...... ### ......
#s. ..... #s#
..... #6# ##. #@#
#. #.# #. #.# #.#
#. #.# #.# #. #.#
#.# #. #.# #.# ##
#.###############.
#.................
#.................


You could see Amaemon and 2 scorpions.

Vanquished Creatures
  A two-headed ogre (D:8)
  A cyclops (D:6)
  A manticore (D:7)
  An orange demon (D:8)
  A troll (D:7)
  A hornet (D:6)
  A yak (D:7)
  A wraith (D:9)
  A steam dragon (D:8)
  A wyvern (D:7)
  A vampire mosquito (D:7)
  2 water moccasins (D:6)
  3 ice beasts
  An orc warrior (D:7)
  A sky beast (D:7)
  2 black bears
  3 ogres
  2 centaurs
  3 phantoms
  3 kobold brigands
  2 necrophages (D:5)
  2 elf zombies (Ossuary)
  A gnoll sergeant (D:9)
  A bullfrog (D:9)
  2 scorpions (D:6)
  5 wights (D:7)
  A centaur zombie (Ossuary)
  A hound (D:5)
  A human zombie (Ossuary)
  A jelly (D:6)
  2 orc priests (D:4)
  2 gnoll shamans
  An iguana (D:3)
  5 orc wizards
  3 mummies
  21 gnolls
  9 adders
  A shadow imp (D:7)
  2 white imps (D:7)
  2 ufetubi
  An adder zombie (Ossuary)
  A worm (D:5)
  31 orcs
  10 ball pythons
  4 endoplasms
  3 giant cockroaches
  8 goblins
  4 hobgoblins
  3 jackals (D:1)
  A quokka (D:4)
  A bat (D:3)
  3 frilled lizards
  A goblin zombie (Ossuary)
  12 hobgoblin zombies
  10 kobolds
  10 kobold zombies
  6 orc zombies (Ossuary)
  7 rats
  4 rat zombies (Ossuary)
216 creatures vanquished.

Notes
Turn   | Place    | Note
-------+----------+-------------------------------------------
     0 | D:1      | thiscave3701365 the Minotaur Berserker began the quest for
                  | the Orb.
     0 | D:1      | Reached XP level 1. HP: 19/19 MP: 0/0
    29 | D:1      | Found a faded altar of an unknown god.
   290 | D:1      | Reached XP level 2. HP: 27/27 MP: 1/1
   758 | D:1      | Reached skill level 4 in Axes
  1057 | D:2      | Reached ** piety under Trog
  1102 | D:2      | Reached XP level 3. HP: 29/33 MP: 2/2
  1114 | D:2      | Reached skill level 5 in Axes
  1541 | D:2      | Reached XP level 4. HP: 38/40 MP: 3/3
  2519 | D:3      | Found a burning altar of Makhleb.
  2519 | D:3      | Found a hide-covered altar of Uskayaw.
  2756 | D:3      | Reached skill level 6 in Axes
  2858 | D:3      | Reached XP level 5. HP: 33/46 MP: 4/4
  4046 | D:4      | Found a snail-covered altar of Cheibriados.
  4060 | D:4      | Reached skill level 7 in Axes
  4334 | D:4      | Found an iron altar of Okawaru.
  4557 | D:4      | Reached XP level 6. HP: 52/52 MP: 5/5
  4912 | D:4      | Reached skill level 8 in Axes
  5225 | D:4      | Found an opulent altar of Gozag.
  5225 | D:4      | Found a sparkling altar of Nemelex Xobeh.
  5285 | D:4      | Found a staircase to the Ecumenical Temple.
  6104 | D:5      | Entered Level 5 of the Dungeon
  6183 | D:5      | Noticed an ice beast
  6206 | D:4      | Reached skill level 9 in Axes
  6371 | D:5      | Reached XP level 7. HP: 58/59 MP: 6/6
  6681 | D:5      | Reached skill level 10 in Axes
  6681 | D:5      | Reached *** piety under Trog
  7454 | D:5      | Reached skill level 11 in Axes
  7575 | D:5      | Reached XP level 8. HP: 66/66 MP: 7/7
  7676 | D:5      | Found a broken altar of Ashenzari.
  7963 | D:5      | Reached skill level 12 in Axes
  8304 | D:6      | Noticed a hornet
  8310 | D:6      | Paralysed by a hornet for 1 turns
  8313 | D:6      | Killed a hornet
  8786 | D:6      | Noticed a cyclops
  8798 | D:6      | Reached skill level 13 in Axes
  8799 | D:6      | Killed a cyclops
  8800 | D:6      | Reached skill level 14 in Axes
  8800 | D:6      | Reached XP level 9. HP: 64/71 MP: 8/8
  9879 | D:6      | Found Yssic's Distillery.
 10010 | D:7      | Noticed a troll
 10015 | D:7      | Killed a troll
 10016 | D:7      | Reached skill level 15 in Axes
 10594 | D:7      | Found a sand-covered staircase.
 10602 | Ossuary  | Entered an ossuary
 10970 | D:7      | You fall into a shaft and drop 2 floors!
 11498 | D:8      | Noticed a two-headed ogre
 11510 | D:8      | Reached skill level 5 in Fighting
 11512 | D:8      | Killed a two-headed ogre
 11513 | D:8      | Reached skill level 5 in Armour
 11513 | D:8      | Reached XP level 10. HP: 67/82 MP: 9/9
 12168 | D:7      | Reached skill level 16 in Axes
 12206 | D:7      | Reached **** piety under Trog
 12719 | D:7      | Noticed a manticore
 12724 | D:7      | Killed a manticore
 13654 | D:8      | Noticed an orange demon
 13660 | D:8      | Noticed Amaemon
 13662 | D:8      | Killed an orange demon
 13672 | D:8      | Slain by Amaemon

Illustrated notes

Levels and vault maps discovered:
D:1:      wander_arrival_lonely_grave, layout_basic,
          ebering_ecumenical_altar_rust
D:2:      layout_basic, minmay_misc_feat_tower, grunt_decor_mini_mirrors
D:3:      layout_basic, mainiacjoe_overflow_divided_tiny
D:4:      layout_loops_ring, grunt_temple_overflow_opulence,
          general_overflow_altar, mainiacjoe_overflow_24_doors, temple_doors_ab
D:5:      layout_basic, mainiacjoe_overflow_paths
D:6:      layout_basic, serial_shops, nicolae_shop_behind_doors,
          minmay_increasing_density
D:7:      layout_basic, nicolae_ossuary_entry_giza, minmay_manual_mess
D:8:      layout_rooms, lair_entry_dummy, serial_co_window_serial,
          co_window_corner_a, co_window_corner_a, co_window_paths_a,
          co_window_paths_b, co_window_corner_a, co_window_of_opportunity_c,
          co_window_corner_b, co_window_corner_cb, co_window_of_opportunity_b,
          co_window_broadway_c, glass_columns_b, uniq_grum, uniq_amaemon
D:9:      layout_irregular_city

Skill      XL: |  1  2  3  4  5  6  7  8  9 10 |
---------------+-------------------------------+-----
Fighting       | 4 5 6 |  6.7
Axes           | 4 5 6 7 9 11 14 15 16 | 16.7
Armour         | 5 7 |  7.3
Dodging        | |  2.6
Stealth        | |  0.3

Action                   |  1- 3 |  4- 6 |  7- 9 | 10-12 || total
-------------------------+-------+-------+-------+-------++-------
Melee: Hand axe          |    58 |   172 |   231 |     3 ||   464
       Headbutt          |     9 |    19 |    44 |    14 ||    86
       Punch             |       |     1 |     2 |       ||     3
       Battleaxe         |       |       |       |    73 ||    73
Invok: Berserk           |     1 |     9 |    16 |     6 ||    32
  Use: Scroll            |       |       |       |     1 ||     1
Armor: Animal skin       |    10 |       |       |       ||    10
       Scale mail        |     4 |    46 |       |       ||    50
       Chain mail        |       |    38 |    29 |       ||    67
       Plate armour      |       |       |    62 |    50 ||   112
Dodge: Dodged            |    36 |    88 |    68 |    45 ||   237

Table legend: (Time is in decaauts)
 A = Elapsed time spent in this place.
 B = Non-inter-level travel time spent in this place.
 C = Inter-level travel time spent in this place.
 D = Time resting spent in this place.
 E = Time spent auto-exploring this place.
 F = Levels seen in this place.
 G = Mean time per level.
                   A        B        C        D        E       F      G
               +--------+--------+--------+--------+--------+-----+--------+
         Total |  13893 |  13442 |    451 |   6591 |   5745 |  10 | 1389.3 |
       Dungeon |  13570 |  13119 |    451 |   6468 |   5622 |   9 | 1507.8 |
       Ossuary |    322 |    322 |      0 |    122 |    123 |   1 |  322.0 |
               +--------+--------+--------+--------+--------+-----+--------+

Top non-repeatable levels by time:
     D:4: 2698 daAuts
     D:6: 2307 daAuts
     D:5: 1756 daAuts
     D:3: 1683 daAuts
     D:7: 1565 daAuts
     D:2: 1303 daAuts
     D:1: 974 daAuts
     D:8: 835 daAuts
     D:9: 445 daAuts
 Ossuary: 322 daAuts
